[Event "44th Chess Olympiad Open 2022"]
[Site "Chennai"]
[Date "2022.08.03"]
[Round "6.26"]
[White "Escalona Landi, Samid Eduardo"]
[Black "Salinas Herrera, Pablo"]
[Result "1-0"]
[WhiteElo "2191"]
[BlackElo "2526"]
[Annotator "TA"]
[PlyCount "53"]
[EventDate "2022.??.??"]
[TimeControl "60"]

1. Nf3 Nf6 2. g3 d5 3. c4 e6 4. b3 d4 5. Bg2 c5 6. e3 Nc6 7. exd4 cxd4 8. O-O Be7 9. Re1 O-O 10.
d3 Nd7 11. Ba3 {[%emt 0:15:51] A14: English
Opening: 1...e6 with b3 by White.} e5 12. b4 Bxb4 13. Bxb4 {[%emt 0:02:32] The position is equal.} Nxb4 14. Nxe5 Nxe5 (14... Nc5 $11)
15. Rxe5 $14 Qd6 16. Rb5 Re8 ({Better is} 16... Qe7 $14) 17. Nd2 $16 {[%emt 0:03:17][%cal
Yb1d2,Yd2e4,Ye4d6] Hoping for c5.} ({Stronger than} 17. Bxb7 Bxb7 18. Rxb7 Nxd3
$1 $17) ({Don't play} 17. c5 Qe7 18. Na3 (18. Rxb4 $2 Qe1+ 19. Qxe1 Rxe1+ 20.
Bf1 a5 $19) 18... Nc6 $14) 17... Nc6 {[%emt 0:03:49] [#]} (17... Nxd3 $2 18.
Ne4 Rxe4 19. Bxe4 $18) 18. Ne4 $146 ({Predecessor:} 18. Rab1
Qg6 19. Be4 Qh6 20. Rh5 Qf6 21. Bxh7+ Kf8 22. Ne4 Qd8 23. Rd5 Qc7 24. Nd6 {
1-0 (32) Jones,G (2665)-Bacrot,E (2695) Chess.com INT 2017}) 18... Qe7 {
[%emt 0:00:07] [#]} 19. c5 $1 {[%emt 0:01:04] White is more active.} Qc7 20. Rab1 {[%emt 0:01:49] Strongly threatening Nd6.} Nd8 21. Nd6 Re5 22. Qa4 a6 (22... Qe7 $142) 23. Qxd4 $18 Re7 (23... Nc6 24. Qa4 Rb8) 24. R5b2 Ne6 25. Qd5 {[%emt 0:00:04][%cal Rb2b7] Black must now prevent
Rxb7.} Qxc5 26. Qxc5 Nxc5 27. Rc2 {[%emt 0:00:49] Black did not feel at home in the position after the
opening. Weighted Error Value: White=0.08 (flawless) / Black=0.40} 1-0

[Event "44th Chess Olympiad Open 2022"]
[Site "Chennai"]
[Date "2022.08.03"]
[Round "6.27"]
[White "Gretarsson, Hjorvar Steinn"]
[Black "Mwali, Chitumbo"]
[Result "1-0"]
[WhiteElo "2563"]
[BlackElo "2320"]
[Annotator "TA"]
[PlyCount "65"]
[EventDate "2022.??.??"]
[TimeControl "60"]

1. Nf3 Nf6 2. c4 e6 3. Nc3 c5 4. g3 b6 5. Bg2 Bb7 6. O-O Be7 7. Re1 a6 8. e4 d6 9. d4 cxd4 10. Nxd4 Qc7 11. Be3 O-O 12. Rc1 Nbd7 13. f4 Rfe8 14. g4
{[%emt 0:02:24][%cal Yg3g4,Yg4g5] [#] g5 is the strong threat.} g6 {[%emt 0:00:
32] A30: Symmetrical English: Double Fianchetto and Hedgehog.} 15. g5 Nh5 16. f5 Bf8 {[%emt 0:01:56] The
position is equal.} 17. Bf3 Ne5 18. Bxh5 gxh5 19. Qxh5 {[%emt 0:02:22] [#] Threatens
to win with Rf1.} (19. b3 $5 ) 19... Nd3 20. Rf1
{[%emt 0:08:30][%cal Yf1f3] [#] And now Rf3! would win.} ({Reject} 20. g6 fxg6
21. fxg6 Qg7 $17) 20... exf5 $146 ({Predecessor:} 20... Nxc1
21. Rf3 exf5 22. Rh3 h6 23. gxh6 Kh8 24. Qxf5 Re5 25. Qf6+ Kh7 26. Rg3 Qe7 27.
Qf4 Bxe4 28. Nxe4 Rxe4 29. Qf5+ {1-0 (29) Kazoks,A (2489)-Gatto,C (2380) ICCF
email 2002}) 21. Rc2 fxe4 (21... f4 $1 $11 {
and Black stays safe.} 22. Bxf4 (22. Nd5 $2 Bxd5 23. cxd5 Qe7 $17) 22... Bxe4)
22. Nd5 $18 Bxd5 23. cxd5 Qd7 24. Nf5 {[%emt 0:06:51] Strongly threatening Nh6+.} Ne5 25. Bd4 $2 ({Don't take} 25. Nh6+ $6 Bxh6 26.
gxh6 Ng6 $16) (25. Rg2 $18) 25... Rac8 26. Rxc8 $40 {[%emt 0:
08:51] White has some attack.} Qxc8 (26... Rxc8 27. Bxe5 dxe5
28. Nh6+ Bxh6 29. gxh6 $18) 27. Bxe5 Rxe5 28.
Ne3 Bg7 29. Qxf7+ Kh8 30. Nf5 Qg8 31. Nxd6 Rxg5+ 32. Kh1 Rxd5 (32... Bd4 $14 33. Qxg8+ Kxg8) 33. Qd7 {
[%emt 0:01:51] Weighted Error Value: White=0.30/Black=0.44} 1-0

[Event "44th Chess Olympiad Open 2022"]
[Site "Chennai"]
[Date "2022.08.03"]
[Round "6.27"]
[White "Kjartansson, Gudmundur"]
[Black "Lungu, Nase"]
[Result "1-0"]
[WhiteElo "2448"]
[BlackElo "2216"]
[Annotator "TA"]
[PlyCount "81"]
[EventDate "2022.??.??"]
[TimeControl "60"]

1. Nf3 c5 2. c4 Nc6 3. Nc3 g6 4. e3 d6 5. d4 Bg4 6. d5 {[%emt 0:01:43] A35: Symmetrical English: 2
Nc3 Nc6 3 Nf3.} Ne5 7. Be2 Nxf3+ 8. gxf3 {[%emt 0:01:55] White has an edge.} Bh3 9. f4 Nf6 {[%emt 0:03:57] [#]} 10. Qd3 $146 ({
Predecessor:} 10. Rg1 Bf5 11. Bf3 Bg7 12. e4 Bd7 13. Qe2 O-O 14. h4 e6 15. e5
Ne8 16. h5 {1-0 (52) Jones,G (2638)-Bjornsson,T (2143) Reykjavik 2013}) 10...
Bg7 11. e4 Bg4 12. f3 Bd7 13. Be3 a6 14. Qd2 Qc7 15. a3 O-O 16. b4 b6 17. Rg1 e6 18. dxe6 fxe6 19.
Rd1 Ne8 20. e5 Rd8 (20... Rf7 $11) 21. exd6 $14 Nxd6 22.
Qxd6 Bxc3+ 23. Kf2 Qxd6 24. Rxd6 {[%emt 0:00:04] aiming for Rgd1.} cxb4 25. Bxb6 Rb8 26. Bc7 ({Don't play} 26. Rxd7 Rxb6 27. axb4 Bxb4 $15) (26. Ba5 $1 $14 Ba4 27.
Bxb4 Bxb4 28. axb4) 26... Rb7 $1 $11 27. Rxd7 {[%emt 0:00:20]
Strongly threatening axb4.} Rc8 $1 {[%emt 0:02:09] [#]} 28. axb4 $1 {[%emt 0:
00:00][%cal Yc7e5] Be5! is the strong threat.} Rbxc7 (28...
Rcxc7 29. Rxc7) 29. Rxc7 Rxc7 {[%emt 0:00:01] Endgame KRB-KRB}
30. Rb1 Rb7 31. b5 axb5 32. cxb5 Bd4+ 33. Kg3 Kg7 34. Bc4 Kf6 35. Re1 Rb6 36. Re4 Rd6
{[%emt 0:00:08] [#]} (36... Bc3 $14) 37. Bxe6 $1 $16 Ba7 (37... Bg1 38. Bc8) 38. Bc4 Rd2 $2 (38... Bg1 $16) 39. b6 $18 {[%emt 0:02:46][%cal Yb5b6,Yb6b7] White is
clearly winning.} Bb8 40. Re8 Bd6 41. b7 {[%emt 0:00:13] Weighted Error Value: White=0.09 (flawless) /
Black=0.10 (very precise)} 1-0

[Event "44th Chess Olympiad Open 2022"]
[Site "Chennai"]
[Date "2022.08.03"]
[Round "6.27"]
[White "Phiri, Richmond"]
[Black "Stefansson, Hannes"]
[Result "1/2-1/2"]
[WhiteElo "2293"]
[BlackElo "2541"]
[Annotator "TA"]
[PlyCount "75"]
[EventDate "2022.??.??"]
[TimeControl "60"]

1. d4 Nf6 2. Nf3 e6 3. g3 b5 4. Bg2 d5 5. O-O Be7 6. a4 b4 7. c4 bxc3 8. Nxc3 O-O {[%emt 0:00:
00] A46:1 d4 Nf6 2 Nf3 e6: Torre, London and Colle Systems.} 9. Bf4 c6 10. a5 Ba6 {[%emt 0:12:38] White
has an edge.} 11. Ne5 {[%emt 0:09:13] [#]} Bb4 $146 ({
Predecessor:} 11... Qc8 12. Qa4 Nfd7 13. Rfc1 Nxe5 14. Bxe5 Qb7 15. e4 Bc4 16.
exd5 exd5 17. Nd1 Bb3 {½-½ (24) Hausrath,D (2484)-Graf,A (2576) Germany 2017}
) 12. Na4 Nfd7 13. Bd2 Bxd2 14. Nxd7 Nxd7 15. Qxd2 Rb8 16. Rfc1 Bc4 17. b4 Qe7 18. Rab1 Rb7
{[%emt 0:02:25] [#]} 19. Rxc4 $1 dxc4 20.
Bxc6 Rc7 21. Bf3 {[%emt 0:00:07] White has
compensation.} Rb8 22. Qc3 e5 23. e3 Qf6 24. Kg2 exd4 25. exd4 Nf8 26. b5 {[%emt 0:01:13] Threatens to win with b6.} Ne6
$36 {[%emt 0:06:25][%cal Ye6f4] [#] aiming for ... Nf4+! White is under
pressure.} 27. b6 axb6 28. Rxb6 Rd8 {[%emt 0:00:16] And now ...Qf5 would win.} 29. d5 (
29. a6 $1 $11) 29... Qxc3 $17 30. Nxc3 Nd4 (30... Nc5 $15 {was preferrable.}) 31. a6 $11 {[%emt 0:01:30]
d6 is the strong threat.} Ra7 (31... Rcd7 $1 $11 {remains
equal.}) 32. Na4 $2 (32. d6 $16 {is forced if you want to
stay better.}) 32... g6 (32... Rda8 $19 {and Black stays
clearly on top.} 33. Bd1 Rxa6) 33. d6 $17 Nf5 34. Bb7 Nxd6 35. Kf3 c3 ({Black should play} 35... Kg7 $17 36. Ke2 Nf5) 36.
Nxc3 $11 {[%emt 0:00:23] The position is equal.} Nxb7 37. Nb5
$1 ({Don't blunder} 37. axb7 $2 Rb8 38. Ne4 Rbxb7 39. Rxb7
Rxb7 $19) 37... Rxa6 38. Ke4 $2 {[%emt 0:00:21] Weighted
Error Value: White=0.25 (precise) /Black=0.22 (precise) . An unexpected result.
} 1/2-1/2

[Event "44th Chess Olympiad Open 2022"]
[Site "Chennai"]
[Date "2022.08.03"]
[Round "6.27"]
[White "Kabwe Timothy"]
[Black "Gretarsson, Helgi Ass"]
[Result "0-1"]
[WhiteElo "2248"]
[BlackElo "2472"]
[Annotator "TA"]
[PlyCount "118"]
[EventDate "2022.??.??"]
[TimeControl "60"]

1. d4 g6 2. Nc3 Bg7 3. e4 d6 4. f4 Nf6 5. e5 Nfd7 6. Nf3 Nb6 {[%emt 0:24:41] B09: Pirc Defence: Austrian Attack.} 7. a4 a5 8. Be3 Na6 {[%emt 0:00:
59] The position is equal.} 9. Be2 Nb4 10.
O-O O-O {[%emt 0:01:22] [#]} 11. Rc1 $146 ({
Predecessor:} 11. d5 dxe5 12. Bxb6 cxb6 13. fxe5 Bg4 14. Re1 Rc8 15. h3 Bf5 16.
Nd4 Bxe5 17. Nxf5 gxf5 {0-1 (36) Radzhabov,R (2404)-Golubka,P (2498) Chess.com
INT 2019}) 11... Be6 12. b3 f6 13. exf6 exf6 14. Kh1 Re8 15. Qd2 Bh6 16. g3 d5 17. Rfe1 Nc8 18. Bf1 Nd6 19. Bg2 (19. Nd1 $15) 19... Qd7 20. Ng1 (20.
Nd1 $15) 20... c6 $17 21. h3 Bf5 (21... Ne4 $142 22. Nxe4 (22. Bxe4 dxe4 23. Kh2 f5 $17) 22... dxe4 23.
Bxe4 Bxh3) 22. g4 Be4 23. Nxe4 Nxe4 24. Bxe4 dxe4 25.
Ne2 f5 26. gxf5 Qxf5 27. Kg2 Nd5 {[%emt 0:00:00] Black is
much more active.} (27... Rf8 $17 28. Rf1 Rae8) 28. Rf1 Qf8 (28... c5 $5) 29. c4 Ne7 30. Ng3 Nf5 31. Nxf5 Qxf5 32. Qe2 (32. d5 $11 {
was preferrable.}) 32... Rad8 $15 33. Qg4 Bg7 34. Rcd1 Bf8 35. Kf2 Kf7 36. Ke2 Rd7 37. Rg1 Be7 38.
Qxf5+ gxf5 39. Rd2 Red8 40. Rgd1 Bb4 41. Rc2 Bc5 42. Rcd2 Bb4 43. Rc2 Rd6 {[%emt 0:00:17] Strongly
threatening ...Rg8.} 44. Rg1 Rh6 $36 {[%emt 0:00:31] Black is
really pushing.} 45. Rg3 {[%emt 0:00:00] [#]} (45. Rcc1 $17) 45... Rg8 $1 $19 46. Rxg8 Kxg8 {[%emt 0:00:00] Endgame KRB-KRB}
47. Rc1 Rxh3 48. Rg1+ Kf7 49. Rg5 Rh2+ 50. Kf1 Kf6 51. d5 cxd5 52. cxd5 Bc3 {[%emt 0:00:17] Inhibits Bd4+.} (52... Rh1+
$19 53. Kf2 Rd1) 53. d6 (53. Bb6 $17 {was called for.}) 53...
Ke6 54. d7 Bf6 ({Weaker is} 
54... Kxd7 55. Rxf5 h5 56. Rb5 $15 (56. Rc5 Bb4 $17)) 55. Rg7 Bd8 {[%emt 0:00:26] Inhibits Bb6.} 56. Ke1 (56. Rg8 $142 Kxd7
57. Rf8) 56... h5 57. Rh7 (
57. Rg8 {is a better defense.} Kxd7 58. Rg7+ Ke6 59. Rg6+ Kf7 60. Rh6) 57... h4 58. Kf1 Rb2 59. Bf2 Rxb3 {[%emt 0:00:00] Weighted Error Value: White=0.23 (precise)
/Black=0.16 (very precise)} 0-1

[Event "44th Chess Olympiad Open 2022"]
[Site "Chennai"]
[Date "2022.08.03"]
[Round "6.28"]
[White "Batsuren, Dambasuren"]
[Black "Msellek, Ilyass"]
[Result "1-0"]
[WhiteElo "2518"]
[BlackElo "2398"]
[Annotator "TA"]
[PlyCount "113"]
[EventDate "2022.??.??"]
[TimeControl "60"]

1. d4 Nf6 2. c4 e6 3. g3 d5 4. Bg2 Be7 5. Nf3 O-O 6. Nc3 c6 7. O-O a5 {[%emt 0:02:50] E06: Closed Catalan: Early deviations.} 8.
b3 b6 9. Ne5 Ba6 {[%emt 0:17:59] The position is equal.} 10. e4 dxc4 11. Nxc4 b5 $1 12.
Ne3 b4 13. Ne2 {[%emt 0:00:12]
[#]} Nbd7 $146 (13... a4 $11) ({Predecessor:} 13... a4 14. Nc4
Nbd7 15. Bf4 Nb6 16. Ne5 Bb5 17. Rc1 axb3 18. axb3 Rc8 19. Nd3 Nbd7 {1-0 (57)
Kryakvin,D (2560)-Kurbedinov,R (2318) Sochi 2017}) 14. Qc2 (
14. Bb2 $14) 14... c5 $11 15. d5 exd5 16. exd5 Bd6 17.
Bb2 Be5 (17... a4 $11 {remains equal.}) 18.
Rfd1 $16 Re8 19. Bxe5 $1 Nxe5 20. d6 Rc8 {[%emt 0:08:
52] [#]} 21. Nf5 $1 Ng6 {[%emt 0:02:14] [#]} 22. Nf4 {[%emt 0:
03:48] White is much more active.} Nxf4 23. gxf4 Qd7 (23... g6 $16 24. Ne7+ Rxe7 25. dxe7 Qxe7) 24. Ne7+ Rxe7 25. dxe7 Qxe7 26. Qf5 {[%emt 0:02:25] Against Nh5} h5 (26... g6 {
might work better.} 27. Qe5 Qxe5 28. fxe5 Nh5) 27. Rac1 $18 a4 (27... Qc7 $142 28. Qe5 Bb5 29. Qxc7 Rxc7 30. Rd8+ Kh7) 28.
bxa4 c4 (28... Qc7 {was worth a try.} 29. Qe5
Qa5) 29. Qe5 Qa7 30. Qd4 Qc7 31. Qd6 Qa5 32. Rb1 c3 33. Qxb4 ({Stronger than} 
33. Rxb4 c2 34. Rc1 Rd8 $17) 33... Qf5 34. Rbc1 c2 35. Rd2 ({Don't play} 35. Rd6 $6 Bc4
36. Qd2 Re8 $16) 35... Bd3 36. Qd6 Be4 {
[%emt 0:00:29] Threatens to win with ...Bxg2.} 37. Qe5 {[%emt 0:00:27] aiming
for Bxe4.} Qg4 {[%emt 0:00:41][%csl Ge4][%cal Rg4g2] [#]} 38. Qg5 $1 {[%emt 0:
03:58] And now Qxg4 would win.} Qe6 (38... Bg6 39. Qxg4) 39.
Re2 $2 ({Only move:} 39. Bxe4 $18 Qxe4 40. h3) 39... Qc4 $14 40. Qb5 {[%emt 0:01:16] Bxe4 is the strong threat.} Bd3 {
[%emt 0:01:12] Black cannot hold the game after this.} (40... Qd4 $1 $14) 41.
Rd2 $18 Bg6 {[%emt 0:04:44] Hoping for ...Qc3.} 42. f5 Qf4 (42... Qxb5 $142 43. axb5 Bxf5) 43. Rdxc2 Rxc2 44. Rxc2 Bxf5 45. Rc4 Qg5 46. a5 Qg6 47. Qb8+ Kh7 48. Qg3 Bg4 49. h3 Qb1+ 50. Kh2 Be6 51. Rc3 Bf5 52. a6 Ne4 53. Qe5 Nxc3 54. a7 {[%emt 0:00:13]
Zwischenzug} f6 55. Qxc3 {[%emt 0:00:15] White mates.} Be4 56. Qb3 Qe1 57. Qe3 {[%emt 0:
00:00] Weighted Error Value: White=0.23 (precise) /Black=0.39} 1-0

[Event "44th Chess Olympiad Open 2022"]
[Site "Chennai"]
[Date "2022.08.03"]
[Round "6.28"]
[White "Gundavaa, Bayarsaikhan"]
[Black "Hadj Kholti, Yasser"]
[Result "1-0"]
[WhiteElo "2503"]
[BlackElo "1871"]
[Annotator "TA"]
[PlyCount "131"]
[EventDate "2022.??.??"]
[TimeControl "60"]

1. e4 c5 2. Nf3 Nc6 3. Bb5 e6 4. O-O Nge7 5. Re1 a6 6. Bf1 d5 7. exd5 Nxd5 8. d4 Nf6 9. Be3 Be7 {[%emt 0:05:35] B30: Sicilian: 2...Nc6 3 Bb5,
lines without ...g6.} 10. c4 cxd4 (10... Ng4
{looks sharper.} 11. d5 Nxe3 12. Rxe3 Nd4) 11. Nxd4 Nxd4 {
[%emt 0:01:07] The position is equal.} 12. Qxd4 Qxd4 13. Bxd4 Bd7 14. Nc3 Bc6 15. a3 O-O 16. b4 Rfd8 17. Rad1 {[%emt 0:14:02] [#]} Kf8 $146 ({Predecessor:} 17... a5 18. c5 axb4 19. axb4 Kf8 20. Be5 Rxd1
21. Rxd1 Ng4 22. Bg3 Ra3 23. Nb5 Rb3 {0-1 (29) Vorontsov,P (2150)-Bogdanovich,
S (2515) Mukachevo 2012}) 18. Bb6 Rxd1 19.
Rxd1 Ke8 20. f3 Nd7 21. Be3 Bf6 22. Rc1 b6 23. Ne2 Rc8 24.
Nd4 Bb7 25. Nb3 Bb2 26. Rb1 Bxa3 27. Na1 a5 $1 28. bxa5 Bc5 29. Bxc5 Rxc5 30. axb6 {[%emt 0:00:
00] aiming for Nb3.} (30. Nb3 $5 Rc6 31. Nd4 $11) 30... Rc6 31. c5 Rxc5 32. Nb3 Rd5 33. Bc4 Rd6 (
33... Rf5 $11 {remains equal.}) 34. Na5 $16 Rxb6 (34... Bxf3 $16 {was necessary.} 35. gxf3 Nxb6) 35. Rxb6 $18 {[%emt 0:00:
00] [#] Remove Defender} Nxb6 $16 {[%emt 0:00:04] Endgame KBN-KBN} 36. Bb5+ Ke7 37. Nxb7 Nd5 38. Nc5 Nc7 39. Bd3 h6 40. Kf2 Nd5 41. Be4 Nf6 42. Ke3 Ne8 43. Nd3 Nd6 44. Ne5 Ne8 45. Kd4 Nf6 46. Kc5 Ne8 47. Bc6 Nd6 (47... Nf6 $142 48. g3 g6) 48. Be4 Ne8 $1 49. Kc6 Nf6 50. Nc4 Nd7 51. Kc7 Nc5 52. Ne5 {[%emt 0:
00:00] [#] And now Bc2 would win.} Nb3 (52... Na4 {is a
better defense.} 53. Bc2 Nc3 54. Nc6+ Ke8) 53. Nc6+ Kf6 $2 (53... Ke8 {might work better.} 54. Kd6 Kf8) 54. Kd6 $18 h5 55. Ne5 Nc1 56. f4 g6 57. Bd3 Nb3 58. Nf3 Nc1 59.
Bc4 Kf5 60. Ng5 Kxf4 61. Nxf7 Ke3 62. Ke5 {
[%emt 0:02:23] Strongly threatening h4.} Kf2 63. Kf4 h4 64. h3 Kxg2 65.
Ng5 Kh2 66. Ke4 {[%emt 0:01:41] Weighted
Error Value: White=0.13 (very precise) /Black=0.26 (precise)} 1-0

[Event "44th Chess Olympiad Open 2022"]
[Site "Chennai"]
[Date "2022.08.03"]
[Round "6.28"]
[White "Choukri, Adel"]
[Black "Amartuvshin, Ganzorig"]
[Result "0-1"]
[WhiteElo "2306"]
[BlackElo "2409"]
[Annotator "TA"]
[PlyCount "56"]
[EventDate "2022.??.??"]
[TimeControl "60"]

1. d4 Nf6 2. c4 e6 3. Nf3 Bb4+ 4. Bd2 Qe7 5. a3 Bxd2+ 6. Qxd2 O-O 7.
Nc3 d6 {[%emt 0:01:03] 7...d5 is vanishing.} 8. e4 e5 9. d5 {[%emt 0:00:00] E11: Bogo-Indian.} (9. Qe3 {
is more complex.} Ng4 10. Nd5 Qd8 11. Qg5) 9... a5 10. b3 Na6 11. Bd3 {[%emt 0:00:00] The position is
equal.} Bg4 {[%emt 0:00:27] [#]} 12. Ng1 $146 ({Predecessor:} 
12. Qe3 Nc5 13. Bc2 Nh5 14. O-O Nf4 15. b4 Nd7 16. Nb5 c6 17. dxc6 bxc6 18. Nc3
{0-1 (32) Galeziewski,O (1633)-Kossowski,P (1737) Lazy 2022}) 12... c6 13. f3 Bd7 14. Bc2 cxd5 15. Nxd5 (15. exd5 $11 {keeps
the balance.} Rfc8 16. a4) 15... Nxd5 $17 16. exd5 a4 17. Qd3 (17. b4 $17) 17... f5 $19
{[%emt 0:13:40][%cal Ye5e4,Yf7f5,Yf5e4] White must now prevent ...e4! Active
counter play!} 18. b4 e4 19. fxe4 fxe4 20. Qd4 (20. Qxe4 $2 Qxe4+ 21.
Bxe4 Rae8 $19) 20... Qg5 $36 {[%emt 0:01:24] Keeping White busy.} 21. Ne2 (21. Qxe4 $2 Rae8 22. Nf3 Rxe4+ $19) 21... Rae8 (21... Qxg2 $2 22. Rg1 Qxg1+ 23. Qxg1 $18) (21... b5 $17 {...Rac8 is the
strong threat.} 22. h4 (22. Qxe4 $2 Bf5 $19) (22. cxb5 $2 Bxb5 23. Bxe4 Rae8
$19) 22... Qh6 23. Bxe4 bxc4) 22. h4 (22. Rf1 $1 $15) 22...
Qg4 (22... Qxg2 $2 23. Rg1 Qxg1+ 24. Nxg1 $18) ({Black should
play} 22... Qh5 $1 $17 23. Qe3 Rc8 24. Bxe4 (24. Qxe4 $2 Bf5 $19) 24... Qe5 25.
Bxh7+ (25. Rc1 $2 Bf5 $19) 25... Kxh7 26. Qxe5 dxe5) 23. h5 $2 {[%emt 0:01:02]
[#]} (23. Rh3 $15 e3 24. Rg3 Qxd4 25. Nxd4) 23... h6 $2 (23...
Qxg2 $2 24. Rg1 Rf2 25. Qxf2 $18) (23... Qg5 $1 $19 {Strongly threatening ...
Bg4.} 24. h6 gxh6) 24. Rh3 $1 $11 {[%emt 0:08:06] [#]} Re5 ({
Much less strong is} 24... Qxg2 25. Rg3 Qh1+ 26. Kd2 (26. Rg1 Qh4+ 27. Kd2 Re7
$11) 26... e3+ 27. Rxe3 Qxh5 28. Rg1 $16) (24... Qg5 $1 $17 25. Rg3 Bg4) 25.
Qe3 (25. Re3 $11) 25... Qxg2 $19 26. Rg3 Qf1+ 27. Kd2 Qxa1 28. Rg6 Rf3 {[%emt 0:01:27] Weighted Error Value:
White=1.08/Black=0.31} (28... Rf1 $142 29. Qxe4 Rxe4 30. Bxe4 Qb2+ 31. Ke3
Qxa3+ 32. Kd2 Qxb4+ 33. Ke3 a3 34. Rg3 a2 35. Rf3 a1=Q 36. Rxf1 Qxf1 37. Bc2
Bg4 38. Bh7+ Kxh7 39. Ng3 Qf3+ 40. Kd4 Qd2#) 0-1

[Event "44th Chess Olympiad Open 2022"]
[Site "Chennai"]
[Date "2022.08.03"]
[Round "6.28"]
[White "Zrikem, Nassim"]
[Black "Gan-Erdene, Sugar"]
[Result "0-1"]
[WhiteElo "2075"]
[BlackElo "2428"]
[Annotator "TA"]
[PlyCount "80"]
[EventDate "2022.??.??"]
[TimeControl "60"]

1. d4 Nf6 2. Nf3 g6 3. Bg5 Bg7 4. Nbd2 O-O 5. c3 d6 6. e4 c5 7. dxc5 dxc5 8. Bc4 Nc6 9. O-O Qc7 10. Re1 Nh5 {[%emt 0:07:14][%cal Yf6h5,Yh5f4,Yf4e2] A48:
1 d4 Nf6 2 Nf3 g6: Torre, London and Colle Systems.} 11. Nf1 h6 12. Bh4 Rd8 {[%emt 0:05:28] Black has an
edge.} 13. Qc2 Bg4 14. Be2 {[%emt 0:00:00] 
[#]} Nf4 $146 ({Predecessor:} 14... Qf4 15. Bg3 Nxg3 16. hxg3
Qc7 17. Ne3 Bd7 18. Nd5 Qb8 19. Bb5 Kf8 20. a4 Be8 {½-½ (39) Dogan, N (2214)
-Asgari,M (2248) Ordu 2019}) 15. Ne3 Nxe2+ 16. Qxe2 Be6 17. Nd5 (17.
Bg3 $11 {remains equal.} Qa5 18. Nd2) 17... Bxd5 $17 18. exd5 Rxd5 19. Bxe7 {[%emt 0:05:26] [#]} g5 {
[%emt 0:08:20] Inhibits Bh4.} (19... Nxe7 $6 20. Qxe7 Qxe7 21. Rxe7 $11) (19...
Ne5 $1 $17 20. Bh4 Nd3) 20. Qe4 $15 Nxe7 (
20... Qd7 {with more complications.} 21. c4 Rd3 22. Bxc5 Rd8) 21. Qxe7 Qxe7 22. Rxe7 g4 23. c4 $2 {[%emt 0:00:00] [#]} (23. Ne1 $15) 23... Rd6 (
23... Bxb2 24. Rb1 Rd3 25. Rxb2 $11) 24. Nh4 (24. Ne5 $2 Bf6
25. Nxf7 Bxe7 $19) 24... Bxb2 ({Weaker is} 24... Bf6 25. Re4
$17) 25. Rb1 Bf6 $36 {[%emt 0:00:34][%csl Ye7,Yh4] Black is
in control.} 26. Re4 h5 ({Stronger than} 
26... Bxh4 27. Rxg4+ Bg5 28. h4 $15) 27. Nf5 Rd2 ({Black should play} 27... Rb6 $17 28. Rd1 Kh7) 28. Ng3 (
{White should try} 28. h3 $15) 28... Bd4 (28... Rxa2 $19 29.
Nxh5 Bd4) 29. Rf1 $2 (29. Re2 $17 Rxe2 30. Nxe2) 29... Rxa2
$19 30. Nxh5 f5 31. Rf4 Rf8 32. Ng3 Ra1 $2 (32... a5 $19 {and Black stays clearly on top. Hoping for . ..a4.} 33.
h3 Be5 34. Rxf5 Rxf5 35. Nxf5 gxh3 36. gxh3 a4) 33. Rxa1 (33.
Nxf5 $17 {only move.} Rxf1+ 34. Kxf1) 33... Bxa1 34. Nxf5 $2
$17 {[%emt 0:00:00] Endgame KRB-KRN} (34. Rxf5 Rxf5 35. Nxf5) 34... Kh7 $19 {
[%emt 0:00:10] aiming for ...Be5. Black is clearly winning.} 35. h3 Be5 36. Re4 Rxf5 37.
hxg4 Rg5 38. f4 Bd4+ 39. Rxd4 cxd4 40. fxg5 a5 {[%emt 0:00:05] Weighted Error Value: White=0.91/Black=0.24
(precise)} 0-1

[Event "44th Chess Olympiad Open 2022"]
[Site "Chennai"]
[Date "2022.08.03"]
[Round "6.29"]
[White "Priasmoro, Novendra"]
[Black "Cabezas Solano, David Alejandro"]
[Result "1-0"]
[WhiteElo "2494"]
[BlackElo "2196"]
[Annotator "TA"]
[PlyCount "97"]
[EventDate "2022.??.??"]
[TimeControl "60"]

1. e4 c5 2. Nf3 Nc6 3. Bb5 g6 4. c3 Nf6 5. Qe2 Bg7 6. d4 cxd4 7. cxd4 d6 8. Nc3 a6 9. Bxc6+ bxc6 10. O-O O-O 11. h3 a5 {[%emt 0:01:05]
B31: Sicilian: 2...Nc6 3 Bb5 g6.} 12. Re1 Ba6 13. Qc2 {[%emt 0:00:10] [#]} Nd7 $146 {[%emt 0:03:43] The position is equal.} (
{Predecessor:} 13... Rc8 14. Bf4 Qb6 15. Rad1 Rfd8 16. Bg5 c5 17. d5 Qb7 18.
Qd2 Rb8 19. e5 dxe5 20. Nxe5 {1-0 (51) Reeh,O (2446)-Teske,H (2518) Germany
2003}) 14. Be3 Rc8 15. Rad1 Qc7 16. Qd2 Rfe8 17. Bh6 c5 18. Nd5 Qd8 19. Qf4 (19. Bxg7 $14 Kxg7 20. Nf4) 19... e6 $11 20. Bxg7 (20. Ng5 f6 21. Bxg7 Kxg7 22. Nxf6
Qxf6 $17) 20... Kxg7 21. Ne3 {[%emt 0:01:56] Hoping for dxc5.
Pair of Knights!} cxd4 22. Nxd4 (22. Rxd4 e5
23. Nf5+ gxf5 $17) (22. Ng4 $2 h5 23. Qh6+ Kg8 $17) 22... Ne5 ({Don't do} 22... e5 23. Ndf5+ $1 gxf5 24. Nxf5+ (24. Qg3+ Kh8 $15) 24... Kh8
25. Qf3 $16 (25. Qh6 Qf6 $14)) 23. Ng4 Nxg4 24. Qxg4 Qf6 25. Qg3 Red8 26. Rd2 d5 27. e5 Qe7 28. h4 h5 29.
Qf4 Rc4 30. Re3 Rdc8 31. Kh2 Rc1 (31... a4 $11 {
keeps the balance.}) 32. Rb3 {[%emt 0:06:53] White leaves nothing to chance
now.} (32. Ra3 $16) 32... Re1 {[%emt 0:01:08] [#]} (32... Bf1 $14) 33. Rb6 $1
$16 Bc4 (33... Ra8 $16) 34. Nc6 $18 {[%emt 0:
00:00] Dancing on a razor blade.} Qc7 (34... Rxc6 35. Rxc6
Bxa2) 35. Qf6+ Kh7 36. Ne7 Rf8 37. Rd6 $2 (37. Rxe6 Bb5 38. Rxd5) 37...
Rxe5 38. Qxe5 Qxe7 39. b3 Qxh4+ (39... Bb5 40. Kg1 Re8) 40. Kg1 {
[%emt 0:00:04] Rd4 is the strong threat.} Bb5 41. Rd4 Qe7 42. R4xd5 Rc8 43. Rc5 {[%emt 0:00:00] Against Rc2. White is clearly winning.} (43.
Rxb5 {leads to mate.} Rc1+) 43... Rxc5 44. Qxc5 {[%emt 0:00:
00] KQR-KQB} Be2 45. Qd4 {[%emt 0:00:00] Strongly threatening
Rd7.} e5 46. Rd7 Qf6 47. Qd6 Qf5 48. Re7 e4 49. Qe5 {[%emt 0:00:00] Weighted Error Value: White=0.28 (precise) /
Black=0.34} 1-0